 Dungeon Crawl Stone Soup version 0.27-a0-200-g8ba017916c (webtiles) character file.

Game seed: 12192700919943015689

65 dolemite99 the Firebug (level 4, 0/49 HPs)
             Began as a Hill Orc Fire Elementalist on Jan 30, 2021.
             Was an Initiate of Beogh.
             Slain by a jackal (1 damage)
             ... on level 4 of the Dungeon.
             The game lasted 00:04:28 (2567 turns).

dolemite99 the Firebug (Hill Orc Fire Elementalist) Turns: 2567, Time: 00:04:29

Health: 0/49       AC: 22    Str: 10    XL:     4   Next: 13%
Magic:  1/6        EV:  2    Int: 16    God:    Beogh [......]
Gold:   73         SH:  0    Dex: 11    Spells: 5/6 levels left

rFire    . . .     SeeInvis .   c - +0 whip (curse)
rCold    . . .     Faith    .   (no shield)
rNeg     + + +     Spirit   .   (armour currently unavailable)
rPois    +         Reflect  .   (helmet currently unavailable)
rElec    .         Harm     .   (cloak currently unavailable)
rCorr    .         Rampage  .   (gloves currently unavailable)
Will     .....     NoTele   +   (boots currently unavailable)
Stlth    ++........             (no amulet)
HPRegen  0.16/turn              (no ring)
MPRegen  0.10/turn              (no ring)

@: brilliant, tree-form, berserk cooldown, slowed, very slow
A: no striking features
a: Renounce Religion


You were on level 4 of the Dungeon.
You worshipped Beogh.
Beogh was noncommittal.
You were a tree.
You visited 1 branch of the dungeon, and saw 4 of its levels.

You collected 73 gold pieces.

Inventory:

Hand Weapons
 c - a cursed +0 whip (weapon)
 h - a +1 vorpal hand axe
 s - a +0 trident
 t - a +0 rapier
Missiles
 d - 17 bolts
 g - 52 stones
 j - 4 boomerangs of dispersal
Armour
 a - a +0 robe (melded)
 f - a scarf of resistance (melded)
 o - a +0 pair of gloves (melded)
 p - a +0 buckler
Scrolls
 b - a scroll of fear {unknown}
 e - a scroll of magic mapping {unknown}
 k - 3 scrolls of identify {unknown}
 l - a scroll of teleportation {unknown}
 m - a scroll of random uselessness {unknown}
 n - a scroll of amnesia {unknown}
 q - a scroll of noise {unknown}
 v - a scroll of remove curse {unknown}


   Skills:
 - Level 1.5 Dodging
 - Level 1.5 Stealth
 - Level 1.5 Spellcasting
 - Level 1.0 Conjurations
 + Level 5.3 Fire Magic


You had 5 spell levels left.
You knew the following spells:

 Your Spells              Type           Power        Failure   Level
a - Foxfire               Conj/Fire      68%          6%          1

Your spell library contained the following spells:

 Spells                   Type           Power        Failure   Level
 Conjure Flame            Conj/Fire      17%          17%         3
 Inner Flame              Hex/Fire       14%          22%         3
 Sticky Flame             Conj/Fire      17%          50%         4
 Fireball                 Conj/Fire      8%           85%         5


Dungeon Overview and Level Annotations

Branches:
Dungeon (4/15)
 Temple: D:4-7

Altars:
Ru

Annotations:
D:2 Sigmund


Message History

The gnoll hits you but does no damage.
Casting: Foxfire (safe; 6% risk of failure)
Confirm with . or Enter, or press ? or * to list all spells.
You feel a surge of power!
You conjure some foxfire!
The jackal bites you but does no damage. x2
The gnoll hits you from afar with a +0 spear.
* * * LOW HITPOINT WARNING * * *
The jackal bites you but does no damage.
The gnoll hits you but does no damage.
The jackal bites you but does no damage.
The gnoll hits you but does no damage.
The jackal bites you but does no damage.
Casting: Foxfire (safe; 6% risk of failure)
Confirm with . or Enter, or press ? or * to list all spells.
You feel a surge of power!
Nothing appears to happen.
The jackal bites you but does no damage.
The gnoll hits you but does no damage. The jackal bites you.
* * * LOW HITPOINT WARNING * * *
The gnoll hits you but does no damage. The jackal bites you.
You die...

#..# ### #.. #.. .h. #.#
#.#### #.# #.h...
#B#######..##.
#..hS..hhS.##<
#.#########..#######.##.
#......♣hggg......g..g..
####################.##.
...##. ######. .. ##. #.
#.


You could see 3 gnolls and a jackal.

Vanquished Creatures
  2 adders
  A shadow imp (D:3)
  A dart slug (D:2)
  A leopard gecko (D:1)
  An orc (D:3)
  6 bats
  2 giant cockroaches (D:4)
  3 goblins
  2 hobgoblins
  5 jackals
  3 kobolds (D:1)
  2 ball pythons
  2 frilled lizards
  A rat (D:1)
32 creatures vanquished.

Vanquished Creatures (others)
  An orc priest (D:3)
  87 foxfires
88 creatures vanquished.

Grand Total: 120 creatures vanquished

Notes
Turn   | Place    | Note
-------+----------+-------------------------------------------
     0 | D:1      | dolemite99 the Hill Orc Fire Elementalist began the quest
                  | for the Orb.
     0 | D:1      | Reached XP level 1. HP: 14/14 MP: 3/3
   427 | D:1      | Reached XP level 2. HP: 12/20 MP: 0/4
   671 | D:1      | Reached skill level 4 in Fire Magic
  1382 | D:2      | Noticed Sigmund
  1603 | D:2      | Reached XP level 3. HP: 25/26 MP: 3/5
  1887 | D:3      | Found a sacrificial altar of Ru.
  1950 | D:3      | Became a worshipper of Ru the Awakened
  1994 | D:3      | Reached skill level 5 in Fire Magic
  2452 | D:3      | Fell from the grace of Ru
  2452 | D:3      | Became a worshipper of Beogh the Brigand
  2456 | D:3      | Noticed an orc warrior
  2563 | D:4      | Reached XP level 4. HP: 8/33 MP: 3/6
  2564 | D:4      | HP: 2/49 [gnoll/+0 spear (4)]
  2567 | D:4      | Slain by a jackal

Illustrated notes

Levels and vault maps discovered:
D:1:      matt_arrival_grand_opening, layout_rooms, serial_bayou_pond_c
D:2:      layout_basic, makhleb_blood_cavern_becter, uniq_sigmund
D:3:      layout_loops_ring, serial_rivers, chequers_serial_rivers_small_3,
          chequers_serial_rivers_large_a, chequers_serial_rivers_marsh,
          chequers_serial_rivers_micro_d, nicolae_ru_path_of_blood
D:4:      layout_loops_ring, nicolae_overflow_hidden_temple, tgw_sif,
          uniq_grinder, uniq_robin, uniq_duvessa

Skill      XL: |  1  2  3 |
---------------+----------+-----
Fire Magic     | 4 5 |  5.3
Dodging        | |  1.5
Stealth        | |  1.5
Spellcasting   | |  1.5
Conjurations   | |  1.0

Action                   |  1- 3 |  4- 6 || total
-------------------------+-------+-------++-------
Melee: Whip              |    17 |     1 ||    18
 Cast: Foxfire           |    51 |     2 ||    53
Invok: Convert to Beogh  |     1 |       ||     1
  Use: Potion            |     3 |       ||     3
Armor: Robe              |    16 |       ||    16
       Skin              |    11 |    12 ||    23
Dodge: Dodged            |    49 |       ||    49

Table legend: (Time is in decaauts)
 A = Elapsed time spent in this place.
 B = Non-inter-level travel time spent in this place.
 C = Inter-level travel time spent in this place.
 D = Time resting spent in this place.
 E = Time spent auto-exploring this place.
 F = Levels seen in this place.
 G = Mean time per level.
                   A        B        C        D        E       F      G
               +--------+--------+--------+--------+--------+-----+--------+
         Total |   2572 |   2481 |     91 |   1078 |    810 |   4 |  643.0 |
       Dungeon |   2572 |   2481 |     91 |   1078 |    810 |   4 |  643.0 |
               +--------+--------+--------+--------+--------+-----+--------+

Top non-repeatable levels by time:
     D:1: 1329 daAuts
     D:3: 765 daAuts
     D:2: 409 daAuts
     D:4: 67 daAuts
